Map: Ruins of Seras

Players

MCanning - Winner!

  • Race: Protoss Protoss
  • League: Grandmaster

Erik

  • Race: Zerg Zerg
  • League: Grandmaster

VOD

http://www.twitch.tv/mcanning/v/30690643

Description

Time

  • Played on: Dec. 19, 2015, 1 a.m.
  • Length: 8:37
Show
View Real Time Build Order
Export as new Build Order

MCanning Protoss - Winner!

Build Orders: Nexus First, Zealot Archon, Dark Templar Rush 

Get SALT Encoding   

  12  0:02  Probe (Chrono Boost)  
  13  0:12  Probe (Chrono Boost)  
  14  0:21  Pylon  
  14  0:23  Probe (Chrono Boost)  
  15  0:39  Probe (Chrono Boost)  
  16  0:49  Probe (Chrono Boost)  
  17  0:59  Nexus  
  17  1:11  Gateway  
  17  1:14  Probe (Chrono Boost)  
  18  1:24  Probe (Chrono Boost)  
  19  1:25  Assimilator  
  19  1:30  Assimilator  
  19  1:35  Probe (Chrono Boost)  
  20  1:45  Probe (Chrono Boost)  
  21  1:51  Pylon  
  21  1:56  Probe (Chrono Boost)  
  22  2:06  Probe (Chrono Boost)  
  23  2:10  Cybernetics Core  
  23  2:12  Probe (Chrono Boost)  
  24  2:17  Probe (Chrono Boost)  
  26  2:22  Probe (Chrono Boost)  
  26  2:25  Pylon  
  26  2:27  Probe (Chrono Boost)  
  27  2:33  Probe (Chrono Boost)  
  28  2:38  Probe (Chrono Boost)  
  28  2:44  Probe (Chrono Boost)  
  30  2:48  Probe (Chrono Boost)  
  31  2:53  Twilight Council  
  31  2:54  Mothership Core (Chrono Boost)  
  33  2:59  Probe (Chrono Boost)  
  34  3:09  Probe (Chrono Boost)  
  34  3:11  Warp Gate  
  34  3:13  Probe (Chrono Boost), Zealot (Chrono Boost)  
  37  3:20  Probe  
  37  3:24  Probe  
  39  3:32  Probe, Pylon  
  39  3:35  Probe  
  39  3:39  Gateway, Dark Shrine  
  40  3:42  Stalker (Chrono Boost)  
  40  3:44  Probe  
  43  3:50  Gateway  
  43  3:57  Probe (Chrono Boost), Assimilator  
  43  3:59  Probe (Chrono Boost)  
  45  4:03  Assimilator  
  45  4:08  Probe (Chrono Boost)  
  45  4:09  Probe (Chrono Boost)  
  47  4:14  Pylon  
  47  4:26  Probe (Chrono Boost)  
  48  4:32  Gateway  
  48  4:37  Gateway  
  48  4:38  Probe (Chrono Boost)  
  49  4:40  Gateway  
  49  4:41  Gateway  
  49  4:43  Gateway  
  49  4:45  Gateway  
  49  4:48  Probe (Chrono Boost)  
  50  4:55  Pylon  
  50  4:59  Probe (Chrono Boost)  
  51  5:09  Probe (Chrono Boost)  
  51  5:10  Probe (Chrono Boost)  
  51  5:14  Robotics Facility  
  53  5:19  Probe (Chrono Boost)  
  54  5:45  Dark Templar x5  
  54  5:46  Dark Templar x4  
  72  6:02  Nexus  
  72  6:04  Probe, Pylon  
  73  6:22  Probe  
  74  6:26  Robotics Bay  
  74  6:27  Forge  
  74  6:43  Dark Templar x3  
  80  6:50  Pylon  
  80  6:53  Pylon  
  71  7:02  Archon  
  71  7:04  Immortal (Chrono Boost)  
  71  7:06  Stalker x3  
  71  7:07  Pylon  
  71  7:08  Pylon  
  77  7:09  Pylon  
  77  7:15  Photon Cannon  
  77  7:16  Dark Templar, Photon Cannon  
  77  7:18  Photon Cannon  
  77  7:20  Pylon  
  73  7:23  Stalker  
  73  7:28  Stalker x2  
  77  7:35  Stalker x2  
  69  7:44  Stalker  
  69  7:45  Stalker  
  69  7:49  Zealot  
  73  7:56  Zealot x3  
  75  8:02  Pylon  
  75  8:05  Pylon x2  
  73  8:14  Zealot x2  
  73  8:15  Zealot  
  79  8:24  Photon Cannon  
  79  8:25  Photon Cannon  
  73  8:31  Photon Cannon  
Show
View Real Time Build Order
Export as new Build Order

Erik Zerg 

Build Orders: Hatch First 

Get SALT Encoding   

  12  0:02  Drone  
  13  0:14  Overlord  
  13  0:18  Drone  
  14  0:33  Drone x2  
  16  0:50  Hatchery  
  16  0:53  Drone  
  16  0:57  Drone  
  16  1:00  Drone  
  18  1:04  Extractor  
  17  1:18  Spawning Pool  
  17  1:20  Drone  
  17  1:29  Drone  
  18  1:40  Drone  
  19  1:51  Overlord  
  19  2:01  Drone  
  19  2:03  Drone  
  19  2:05  Queen x2  
  25  2:08  Metabolic Boost  
  25  2:12  Zergling x2  
  26  2:15  Drone  
  27  2:24  Drone  
  27  2:25  Drone  
  29  2:35  Drone x2  
  31  2:47  Hatchery  
  31  2:50  Drone  
  31  2:51  Drone  
  32  2:59  Overlord  
  32  3:00  Evolution Chamber  
  32  3:02  Drone  
  32  3:07  Drone x2  
  34  3:14  Drone x2  
  34  3:17  Overlord  
  36  3:20  Drone x3  
  36  3:22  Drone  
  36  3:26  Drone  
  40  3:34  Drone  
  40  3:37  Drone  
  40  3:40  Zerg Melee Weapons Level 1  
  42  3:48  Drone x5  
  42  3:51  Extractor  
  42  3:53  Roach Warren, Extractor  
  44  3:55  Lair  
  44  3:59  Overlord  
  44  4:03  Overlord  
  44  4:09  Zergling x6  
  47  4:13  Drone  
  47  4:14  Queen  
  50  4:18  Drone x2  
  50  4:22  Drone x2  
  54  4:26  Drone x2  
  56  4:37  Drone x4  
  60  4:40  Roach x2  
  60  4:42  Roach x2  
  60  4:44  Drone  
  60  4:45  Drone  
  70  4:46  Drone  
  70  4:48  Drone  
  72  4:54  Overlord  
  71  5:08  Overlord  
  71  5:11  Roach  
  71  5:14  Overlord  
  73  5:15  Roach x4  
  73  5:18  Overlord x4  
  73  5:19  Overlord  
  81  5:23  Baneling Nest  
  81  5:27  Extractor  
  79  5:33  Roach x5  
  89  5:36  Glial Reconstitution  
  89  5:40  Roach x2  
  93  5:48  Roach x3  
  99  5:50  Overseer  
  101  5:57  Roach x4  
  101  5:58  Roach x4  
  115  6:08  Extractor  
  115  6:09  Drone x4  
  115  6:11  Drone  
  119  6:24  Overlord  
  119  6:29  Hatchery  
  119  6:32  Drone x2  
  120  6:33  Spire  
  120  6:36  Overseer x4  
  120  6:39  Zergling x2  
  121  6:40  Zergling x18  
  129  6:50  Zergling x10  
Tags
 
Add a new tag
Caveats
  • Supply blocks, unpowered buildings, or Contaminate may cause inaccurate times.
  • Supply counts are checked every 10 seconds.